 Dungeon Crawl Stone Soup version 0.24.0-29-g8ce449bc06 (webtiles) character file.

Game seed: 8076746905647056258, levelgen mode: deterministic

800 Descartes the Insei (level 7, -2/32 HPs)
             Began as a Vine Stalker Transmuter on Nov 14, 2019.
             Slain by a sky beast (6 damage)
             ... on level 6 of the Dungeon.
             The game lasted 00:09:53 (5096 turns).

Descartes the Insei (Vine Stalker Transmuter)       Turns: 5096, Time: 00:09:54

Health: -2/32      AC:  3    Str: 14    XL:     7   Next: 90%
Magic:  0/11       EV: 10    Int: 14    God:
Gold:   258        SH: 13    Dex: 14    Spells: 9/10 levels left

rFire    + . .     SeeInvis .     - Unarmed
rCold    + . .     Gourm    .   m - +0 shield
rNeg     . . .     Faith    .   D - +0 robe {rC+ rF+}
rPois    .         Spirit   +   (no helmet)
rElec    .         Reflect  .   (no cloak)
rCorr    .         Harm     .   (no gloves)
MR       .....                  k - +0 pair of boots
Stlth    ++........             n - amulet of the acrobat
HPRegen  0.50/turn              s - ring of stealth
MPRegen  0.12/turn              (no ring)

@: no status effects
A: fangs 2, large bone plates 1, deformed body, regeneration 1, shaggy fur 1,
magic shield, antimagic bite, no potion heal 3, rot immunity
a: no special abilities


You were on level 6 of the Dungeon.
You were hungry.

You visited 1 branch of the dungeon, and saw 6 of its levels.

You collected 258 gold pieces.

Inventory:

Missiles
 a - 99 arrows
 c - 153 stones (quivered)
 g - 2 throwing nets
 q - 19 sling bullets
 x - 31 bolts
 B - 5 boomerangs
Armour
 k - a +0 pair of boots (worn)
 m - a +0 shield (worn)
 r - a +0 leather armour
 z - a +0 chain mail
 D - a +0 robe of resistance (worn)
Jewellery
 n - an amulet of the acrobat (around neck)
 s - a ring of stealth (left hand)
Scrolls
 b - a scroll of teleportation
 f - a scroll of enchant weapon {unknown}
 w - a scroll of enchant armour {unknown}
 y - a scroll of immolation {unknown}
 C - a scroll of magic mapping {unknown}
Potions
 h - a potion of ambrosia
 j - a potion of brilliance {unknown}
 l - 2 potions of degeneration {unknown}
 o - 2 potions of curing
 p - a potion of cancellation {unknown}
 u - a potion of flight {unknown}
 v - 4 potions of heal wounds
 A - 2 potions of lignification
Comestibles
 d - 12 rations


   Skills:
 - Level 0.8 Fighting
 - Level 1.5 Dodging
 + Level 3.8 Shields
 * Level 7.9 Unarmed Combat
 - Level 2.1 Spellcasting
 - Level 2.0 Transmutations


You had 9 spell levels left.
You knew the following spells:

 Your Spells              Type           Power        Failure   Level  Hunger
a - Beastly Appendage     Tmut           #.....       41%         1    #......

Your spell library contained the following spells:

 Spells                   Type           Power        Failure   Level  Hunger
 Sticks to Snakes         Tmut           #.......     54%         2    ###....
 Magic Dart               Conj           #...         69%         1    #......
 Blink                    Tloc           N/A          83%         2    ###....
 Call Imp                 Summ           #.......     83%         2    ###....
 Slow                     Hex            #.......     83%         2    ###....
 Spider Form              Tmut/Pois      #.........   89%         3    ###....
 Conjure Flame            Conj/Fire      #.......     96%         3    ###....
 Mephitic Cloud           Conj/Pois/Air  #.......     96%         3    ###....
 Ice Form                 Ice/Tmut       #.......     100%        4    #####..
 Blade Hands              Tmut           #.........   100%        5    ######.


Dungeon Overview and Level Annotations

Branches:
Dungeon (6/15)
 Temple: D:4-7

Altars:
Ashenzari
Okawaru
Uskayaw
Wu Jian
Xom
Yredelemnul


Innate Abilities, Weirdness & Mutations

You have extremely sharp teeth.
Your natural rate of healing is unusually fast.
When hurt, damage is shared between your health and your magic reserves.
Your bite disrupts and absorbs the magic of your enemies.
Potions cannot restore your health.
You are immune to rotting.
You are partially covered in large bone plates. (SH +4)
Armour fits poorly on your strangely shaped body.
You are covered in fur. (AC +1)


Message History

Something hits you but does no damage.
You barely miss something. Your bite misses something.
You closely miss something. Your bite misses something.
Something hits you but does no damage.
You barely miss something. Your bite misses something.
You block something's attack.
You hit something.
You are feeling hungry.
Something hits you. Something shocks you.
You miss something. Something hits you. Something shocks you.
You barely miss something. Something hits you but does no damage.
You closely miss something. Something hits you. Something shocks you.
You barely miss something. You block something's attack.
You hit something but do no damage. You bite something. Something hits you.
Something shocks you.
* * * LOW HITPOINT WARNING * * *
You closely miss something. Your bite misses something. Something hits you.
* * * LOW HITPOINT WARNING * * *
Something shocks you.
You die...

#.......†...#.#######
#...........#.# ###
#...........#.# #..
#...........#.# #..
#...........#.# #..
#####.......#.# #####
####.......#.# #.'_#
#..........#.# #.###
#..@...#+###.# #.#..
#..{...# #.# #....
#......# #.#####..
#......# #........
#......# #..#####.
#<...... #..# #.
#####.... #... #.
..... ..##. #. ....
.# #.


There were no monsters in sight!

Vanquished Creatures
  A phantom (D:4)
  2 centaurs
  A scorpion (D:4)
  2 crimson imps
  3 hounds (D:4)
  2 jellies
  2 bullfrog skeletons
  An orc priest (D:5)
  Terence (D:2)
  2 worker ants
  6 adders
  An ooze (D:5)
  A dart slug (D:1)
  6 leopard geckos
  6 orcs
  3 giant cockroaches
  3 goblins
  7 hobgoblins
  3 jackals (D:4)
  A kobold (D:1)
  2 quokkas
  3 ball pythons
  3 bats
  4 frilled lizards
  A leopard gecko skeleton (D:4)
  8 rats
75 creatures vanquished.

Notes
Turn   | Place    | Note
-------+----------+-------------------------------------------
     0 | D:1      | Descartes the Vine Stalker Transmuter began the quest for
                  | the Orb.
     0 | D:1      | Reached XP level 1. HP: 9/9 MP: 4/4
   216 | D:1      | Reached XP level 2. HP: 10/14 MP: 6/6
  1397 | D:1      | Reached skill level 4 in Unarmed Combat
  1520 | D:2      | Noticed Terence
  1531 | D:2      | Killed Terence
  1531 | D:2      | Reached XP level 3. HP: 17/17 MP: 4/7
  1878 | D:2      | Gained mutation: Your natural rate of healing is unusually
                  | fast. [Vine Stalker growth]
  1878 | D:2      | Reached XP level 4. HP: 20/21 MP: 8/8
  2308 | D:3      | Reached skill level 5 in Unarmed Combat
  2442 | D:3      | Found a shattered altar of Ashenzari.
  2649 | D:3      | Found an ornate altar of the Wu Jian Council.
  2658 | D:3      | Reached skill level 1 in Shields
  2868 | D:4      | Reached XP level 5. HP: 9/25 MP: 4/9
  2911 | D:4      | Found a basalt altar of Yredelemnul.
  2925 | D:4      | Found a hide-covered altar of Uskayaw.
  2925 | D:4      | Noticed a phantom
  2996 | D:4      | Killed a phantom
  2996 | D:4      | Reached skill level 6 in Unarmed Combat
  2996 | D:4      | Reached XP level 6. HP: 17/29 MP: 5/10
  3487 | D:4      | Found a shimmering altar of Xom.
  3497 | D:4      | Gained mutation: Armour fits poorly on your strangely
                  | shaped body. [potion of mutation]
  3497 | D:4      | Gained mutation: You are partially covered in large bone
                  | plates. (SH +4) [potion of mutation]
  3497 | D:4      | Gained mutation: You are covered in fur. (AC +1) [potion of
                  | mutation]
  3732 | D:4      | Reached XP level 7. HP: 24/32 MP: 11/11
  3857 | D:5      | Entered Level 5 of the Dungeon
  4009 | D:5      | Reached skill level 7 in Unarmed Combat
  5007 | D:6      | Found an iron altar of Okawaru.
  5096 | D:6      | Slain by a sky beast

Levels and vault maps discovered:
D:1:      lightli_iron_boxes, layout_basic
D:2:      layout_rooms, uniq_terence
D:3:      layout_basic, nicolae_ashenzari_panopticon, overflow_temple_1_default,
          first_ration
D:4:      layout_basic, brannock_xom_greatest_gift, yredelemnul_altar_generic,
          eat_drink_and_be_merry_uskayaw
D:5:      layout_gridville
D:6:      layout_basic, kennysheep_mini

Skill      XL: |  1  2  3  4  5  6  7 |
---------------+----------------------+-----
Unarmed Combat | 4 5 6 7 |  7.9
Shields        | 1 2 3 |  3.8
Fighting       | |  0.8
Dodging        | |  1.5
Spellcasting   | |  2.1
Transmutations | |  2.0

Action                   |  1- 3 |  4- 6 |  7- 9 || total
-------------------------+-------+-------+-------++-------
Melee: Unarmed           |    94 |   178 |   122 ||   394
       Bite              |    12 |    41 |    20 ||    73
       Headbutt          |     1 |       |       ||     1
       Punch             |     1 |       |       ||     1
 Cast: Beastly Appendage |     1 |       |       ||     1
  Use: Potion            |       |     2 |       ||     2
       Scroll            |       |     1 |     8 ||     9
 Stab: Sleeping          |     3 |     1 |     1 ||     5
  Eat: Chunk             |     3 |     5 |     5 ||    13
Armor: Robe              |     5 |       |     5 ||    10
       Leather armour    |       |    19 |     9 ||    28
Dodge: Dodged            |    41 |    62 |    26 ||   129
Block: Shield            |     7 |    61 |    75 ||   143
